 Dungeon Crawl Stone Soup version 0.31-a0-263-ge8cad7f256 (webtiles) character file.

Game seed: 17924555905821085526

334 bjtr the Purveyor of Pain (level 6, 0/37 HPs)
             Began as a Demonspawn Necromancer on July 14, 2023.
             Was an Initiate of Kikubaaqudgha.
             Asphyxiated
             ... in a sewer.
             The game lasted 00:19:21 (3527 turns).

bjtr the Purveyor of Pain (Demonspawn Necromancer)  Turns: 3527, Time: 00:19:21

Health: 0/37       AC:  8    Str:  9    XL:     6   Next: 27%
Magic:  10/10      EV: 13    Int: 18    God:    Kikubaaqudgha [......]
Gold:   89         SH:  0    Dex: 13    Spells: 7/11 levels left

rFire   . . .        d - +2 dagger (venom)
rCold   . . .        (no shield)
rNeg    . . .        a - +1 robe
rPois   .            z - +2 helmet
rElec   .            (no cloak)
rCorr   .            (no gloves)
SInv    +            (no boots)
Will    +....        (no amulet)
Stlth   ++           e - ring of see invisible
HPRegen 0.26/turn    g - ring of wizardry
MPRegen 0.12/turn

%: wizardry (x1)
@: lethally poisoned (0 -> -12)
A: hooves 1, yellow scales 1, demonic guardian 1, frail 1, strong-willed 1
a: Renounce Religion


You were in a sewer.
You worshipped Kikubaaqudgha.
Kikubaaqudgha was noncommittal.
You visited 1 branch of the dungeon, and saw 4 of its levels.
You also visited: Sewer.

You collected 89 gold pieces.

Inventory:

Hand Weapons
 d - a +2 dagger of venom (weapon)
 f - a +0 spear
 u - a +0 sling
 y - a +0 falchion
Missiles
 i - 17 poisoned darts
 v - 3 boomerangs
Armour
 a - a +1 robe (worn)
 h - a +0 crystal plate armour
 z - a +2 helmet (worn)
Jewellery
 e - a ring of see invisible (left hand)
 g - a ring of wizardry (right hand)
 l - a ring of fire
Talismans
 r - a beast talisman
Scrolls
 c - a scroll of teleportation
 m - 2 scrolls of blinking
 n - a scroll of revelation
 o - a scroll of fear {unknown}
 p - a scroll of poison
 t - a scroll of amnesia {unknown}
 x - a scroll of butterflies {unknown}
 B - a scroll of enchant armour
Potions
 b - 2 potions of magic
 j - 3 potions of resistance
 k - a potion of might
 q - a potion of cancellation
 s - 4 potions of brilliance
 w - a potion of lignification


   Skills:
 + Level 0.7 Fighting
 + Level 3.1 Dodging
 + Level 2.4 Stealth
 + Level 3.2 Spellcasting
 * Level 6.6 Necromancy


You had 7 spell levels left.
You knew the following spells:

 Your Spells              Type           Power      Damage    Failure   Level
a - Necrotise             Necr           100%       1d9       1%          1
b - Vampiric Draining     Necr           26%        2d7       1%          3

Your spell library contained the following spells:

 Spells                   Type           Power      Damage    Failure   Level
 Animate Dead             Necr           26%        N/A       4%          4
 Agony                    Necr           26%        N/A       12%         5


Dungeon Overview and Level Annotations

Branches:
Dungeon (4/15)              Sewer (1/1)
 Temple: D:4-7

Altars:
Kikubaaqudgha
Nemelex Xobeh
Xom

Shops:
D:2 (


Innate Abilities, Weirdness & Mutations

You have large cloven feet.
You are partially covered in yellow scales. (AC +2)
A weak demonic guardian rushes to your aid.
You are frail. (-10% HP)
You are strong-willed. (Will+)


Message History

Kikubaaqudgha accepts your kill.
You enter the shallow water.
Moving in this stuff is going to be slow.
B - a scroll of enchant armour You enter the shallow water.
Moving in this stuff is going to be slow.
You enter the shallow water.
Moving in this stuff is going to be slow.
You enter the shallow water.
Moving in this stuff is going to be slow.
A kobold brigand and a ball python come into view.
The kobold brigand is wielding a +0 whip and quivering curare-tipped darts.
The kobold brigand shouts!
The kobold brigand throws a curare-tipped dart.
The curare-tipped dart hits you.
You are poisoned.
You have difficulty breathing.
You feel yourself slow down.
The kobold brigand throws a curare-tipped dart.
The curare-tipped dart hits you.
You are more poisoned.
You have difficulty breathing.
A demonic guardian appears!
You feel as though you will be slow longer.
You feel extremely sick.
* * * LOW HITPOINT WARNING * * *
You feel extremely sick.
Your magical effects are unravelling.
You feel magically purged.
You feel yourself speed up.
* * * LOW HITPOINT WARNING * * *
You feel very sick.
It was a potion of mutation.
You feel extremely strange.
You feel frail.
You feel strong-willed.
* * * LOW HITPOINT WARNING * * *
You feel sick.
The kobold brigand throws a curare-tipped dart.
The curare-tipped dart hits you.
You are more poisoned.
You have difficulty breathing.
You die...
Kikubaaqudgha rasps: "You have failed me!
Welcome... death!"

.~~~# ##~..~~..##
..~####~~~~.~..~###
#####~~~~~~.~~....##
#~~...#####.~~~~#
#~~~~## ##~.~.#
#~~.## ##.~~# #.~.#
#~~.# #.~.# #.~.#
##)~†## ##@~~##
#~~~~~# #~~5~~#
#~###~# #~###~# #~#
#~# #~# #~#
##~###~## #~###~##
#.~~#~~~# K.~#~.~#
#~#~#~#~# ~#~#~#~#
#~#~#~#~# #~ S#~#~#
#~#~#~#~# #~ ~#~#~#


You could see a kobold brigand and a friendly white imp (summoned).

Vanquished Creatures
  A kobold brigand (Sewer)
  2 vampire bats (D:3)
  Terence (D:3)
  Robin (D:3)
  4 adders
  4 worms
  3 dart slugs
  2 orcs (D:3)
  6 bats
  2 bat skeletons (D:3)
  3 bat zombies (D:3)
  6 endoplasms
  2 giant cockroaches
  11 goblins
  5 hobgoblins
  4 jackals (D:1)
  2 quokkas (D:2)
  5 ball pythons
  5 frilled lizards
  10 kobolds
  9 rats
88 creatures vanquished.

Vanquished Creatures (collateral kills)
  A goblin (D:1)
1 creature vanquished.

Grand Total: 89 creatures vanquished

Notes
Turn   | Place    | Note
-------+----------+-------------------------------------------
     0 | D:1      | bjtr the Demonspawn Necromancer began the quest for the
                  | Orb.
     0 | D:1      | Reached XP level 1. HP: 13/13 MP: 3/3
   304 | D:1      | Gained mutation: You have large cloven feet. [demonic
                  | ancestry]
   304 | D:1      | Reached XP level 2. HP: 19/19 MP: 5/5
   333 | D:1      | Reached skill level 5 in Necromancy
   509 | D:1      | Found a faded altar of an unknown god.
   884 | D:2      | Gained mutation: A weak demonic guardian rushes to your
                  | aid. [demonic ancestry]
   884 | D:2      | Reached XP level 3. HP: 24/24 MP: 4/6
  1013 | D:2      | Found Ticox's Antique Weapon Shop.
  1395 | D:2      | Gained mutation: You are partially covered in yellow
                  | scales. (AC +2) [demonic ancestry]
  1395 | D:2      | Reached XP level 4. HP: 28/30 MP: 5/7
  1429 | D:2      | Found a sparkling altar of Nemelex Xobeh.
  1811 | D:3      | Noticed Terence
  1817 | D:3      | Learned a level 3 spell: Vampiric Draining
  2135 | D:3      | Found an ancient bone altar of Kikubaaqudgha.
  2173 | D:3      | Became a worshipper of Kikubaaqudgha
  2198 | D:3      | Reached skill level 6 in Necromancy
  2205 | D:3      | Reached XP level 5. HP: 11/36 MP: 7/9
  2521 | D:3      | Noticed Robin
  2533 | D:3      | Killed Robin
  2810 | D:3      | Killed Terence
  2981 | D:4      | Found a shimmering altar of Xom.
  3008 | D:4      | Found a glowing drain.
  3026 | Sewer    | Entered a sewer
  3215 | Sewer    | Reached XP level 6. HP: 20/42 MP: 1/10
  3527 | Sewer    | Gained mutation: You are frail. (-10% HP) [potion of
                  | mutation]
  3527 | Sewer    | Gained mutation: You are strong-willed. (Will+) [potion of
                  | mutation]
  3527 | Sewer    | Asphyxiated

Illustrated notes

Levels and vault maps discovered:
D:1:      dpeg_arrival_renting, layout_loops_ring,
          hellmonk_ecumenical_altar_heavens_door
D:2:      layout_loops_cross, basic_altar, serial_shops, shop, minmay_tromino_v7
D:3:      layout_basic, kennysheep_vampire_church,
          hangedman_decor_clover_reticule, uniq_terence, uniq_robin
D:4:      layout_loops_ring, tso_metal_star, xom_teletrap_fun,
          portal_sewer_entry_d
Sewer:    sewer_co_tree

Skill      XL: |  1  2  3  4  5 |
---------------+----------------+-----
Necromancy     | 5 6 |  6.6
Stealth        | 2 |  2.4
Dodging        | 2 3 |  3.1
Spellcasting   | 3 |  3.2
Fighting       | |  0.7

Action                     |  1- 3 |  4- 6 || total
---------------------------+-------+-------++-------
  Melee: Dagger            |    52 |   105 ||   157
         Kick              |    11 |    17 ||    28
         Punch             |       |     1 ||     1
   Fire: Sling             |       |     1 ||     1
   Cast: Necrotise         |    33 |    49 ||    82
    Use: Scroll            |       |    11 ||    11
         Potion            |       |     4 ||     4
   Stab: Sleeping          |     5 |     1 ||     6
         Distracted        |       |     1 ||     1
 Armour: Robe              |    15 |    96 ||   111
  Dodge: Dodged            |    46 |   139 ||   185
         Form:             |       |     1 ||     1
         Beast             |       |     1 ||     1

Table legend: (Time is in decaauts)
 A = Elapsed time spent in this place.
 B = Non-inter-level travel time spent in this place.
 C = Inter-level travel time spent in this place.
 D = Time resting spent in this place.
 E = Time spent auto-exploring this place.
 F = Levels seen in this place.
 G = Mean time per level.
                   A        B        C        D        E       F      G
               +--------+--------+--------+--------+--------+-----+--------+
         Total |   3604 |   3511 |     93 |    700 |   1908 |   5 |  720.8 |
       Dungeon |   3009 |   2916 |     93 |    602 |   1529 |   4 |  752.2 |
         Sewer |    595 |    595 |      0 |     98 |    379 |   1 |  595.0 |
               +--------+--------+--------+--------+--------+-----+--------+

Top non-repeatable levels by time:
     D:3: 1187 daAuts
     D:2: 893 daAuts
     D:1: 879 daAuts
   Sewer: 595 daAuts
     D:4: 49 daAuts
